 Dungeon Crawl Stone Soup version 0.24.0-1-gfbc8707122 (webtiles) character file.

Game seed: 1298200893923690304, levelgen mode: deterministic

1066 drjones the Cudgeler (level 8, -3/50 HPs)
             Began as a Gargoyle Gladiator on Oct 27, 2019.
             Blown up by Ijyb (28 damage)
             ... with a disintegration bolt
             ... on level 5 of the Dungeon.
             The game lasted 00:24:12 (3928 turns).

drjones the Cudgeler (Gargoyle Gladiator)           Turns: 3928, Time: 00:24:12

Health: -3/50      AC: 18    Str: 20    XL:     8   Next: 28%
Magic:  0/8        EV:  8    Int:  9    God:
Gold:   183        SH:  0    Dex: 11    Spells: 7/7 levels left

rFire    . . .     SeeInvis .   b - +1 whip (flame)
rCold    . . .     Gourm    .   (no shield)
rNeg     + . .     Faith    .   c - +1 chain mail
rPois    ∞         Spirit   +   n - +0 helmet
rElec    +         Reflect  .   (no cloak)
rCorr    .         Harm     .   l - +0 pair of gloves
MR       .....                  (no boots)
Stlth    ..........             e - amulet of guardian spirit (curse)
HPRegen  0.16/turn              k - ring of wizardry
MPRegen  0.11/turn              (no ring)

@: hasted, very quick
A: negative energy resistance 1, electricity resistance, unbreathing,
petrification resistance, rot immunity, AC +5
a: no special abilities


You were on level 5 of the Dungeon.
You were not hungry.

You visited 1 branch of the dungeon, and saw 5 of its levels.

You collected 183 gold pieces.

Inventory:

Hand Weapons
 a - a +3 flail
 b - a +1 whip of flaming (weapon)
Missiles
 d - 2 throwing nets (quivered)
 t - 7 boomerangs
 x - 8 atropa-tipped darts
Armour
 c - a +1 chain mail (worn)
 l - a +0 pair of gloves (worn)
 n - a +0 helmet (worn)
Jewellery
 e - a cursed amulet of guardian spirit (around neck)
 k - a ring of wizardry (left hand)
Scrolls
 h - a scroll of remove curse
 i - 3 scrolls of enchant armour
 j - a scroll of magic mapping
 q - 2 scrolls of blinking
 v - 4 scrolls of amnesia
 y - 2 scrolls of identify
 z - a scroll of immolation {unknown}
 A - 3 scrolls of teleportation
Potions
 m - a potion of berserk rage {unknown}
 o - 2 potions of haste
 r - a potion of flight {unknown}
 s - 2 potions of lignification {unknown}
 u - a potion of mutation {unknown}
 w - a potion of agility {unknown}
Comestibles
 f - 6 rations
 g - 9 chunks of flesh


   Skills:
 + Level 5.6 Fighting
 * Level 7.2 Maces & Flails
 - Level 2.0 Throwing
 + Level 4.7 Armour
 - Level 2.5 Dodging


You had 7 spell levels left.
You didn't know any spells.
Your spell library was empty.

Dungeon Overview and Level Annotations

Branches:
Dungeon (5/15)
 Temple: D:4-7

Altars:
Qazlal
Uskayaw
Vehumet
Wu Jian
Xom
Zin
The Shining One

Annotations:
D:5 Ijyb


Innate Abilities, Weirdness & Mutations

You are resistant to torment.
Your stone body is resilient. (AC +5)
You are immune to poison.
You resist negative energy. (rN+)
You are resistant to electric shocks. (rElec)
You can survive without breathing.
You are immune to petrification.
You are immune to rotting.


Message History

You barely miss Ijyb.
Ijyb is lightly wounded.
You closely miss Ijyb.
Ijyb is lightly wounded.
Ijyb closely misses you.
You hit Ijyb but do no damage.
Ijyb is lightly wounded.
You barely miss Ijyb.
Ijyb is lightly wounded.
Ijyb zaps a wand.
You are blasted!
* * * LOW HITPOINT WARNING * * *
You hit Ijyb. You burn Ijyb.
Ijyb is moderately wounded.
You hit Ijyb but do no damage.
Ijyb is moderately wounded.
You miss Ijyb.
Ijyb is moderately wounded.
Ijyb zaps a wand.
You are blasted!
Ouch! That really hurt!
You die...

### ### ..# #..
################# #.# ##.
#..........gg@..# #.# #.
#...........###.####.########.
#...........# #............##.
#...........# #..###.#####.##'
#...........# #..# #.# #......
#...........# #..# #.# #......
#...........# #..# #.# #......
#...........# #..# #.# #.#+##.
....%.......# #..# #.# #. #.


You could see Ijyb and a gnoll.

Vanquished Creatures
  Pikel (D:4)
  A slave (D:4)
  A howler monkey (D:4)
  An orc priest (D:5)
  3 orc wizards (D:4)
  2 bullfrog skeletons
  A centaur skeleton (D:4)
  A worker ant (D:4)
  A hound zombie (D:5)
  A hound skeleton (D:4)
  A worker ant zombie (D:3)
  Robin (D:4)
  6 gnolls
  11 adders
  An ooze (D:1)
  6 worms
  3 dart slugs
  16 orcs
  2 giant cockroaches (D:2)
  20 goblins
  9 hobgoblins
  10 jackals
  3 kobolds
  5 quokkas
  2 ball pythons
  9 bats
  9 frilled lizards
  5 rats
  A plant (D:2)
133 creatures vanquished.

Vanquished Creatures (others)
  An orc priest (D:4)
  A worker ant (D:4)
  A worm (D:4)
  An orc (D:4)
  A ball python (D:4)
  2 plants (D:2)
7 creatures vanquished.

Grand Total: 140 creatures vanquished

Notes
Turn   | Place    | Note
-------+----------+-------------------------------------------
     0 | D:1      | drjones the Gargoyle Gladiator began the quest for the Orb.
     0 | D:1      | Reached XP level 1. HP: 12/12 MP: 1/1
     6 | D:1      | Noticed a salamander
     6 | D:1      | Noticed a hog
     6 | D:1      | Noticed a black bear
   158 | D:1      | Reached XP level 2. HP: 15/18 MP: 2/2
   371 | D:1      | Reached XP level 3. HP: 22/22 MP: 3/3
   440 | D:1      | Reached skill level 1 in Armour
   905 | D:2      | Found a radiant altar of Vehumet.
  1008 | D:2      | Reached XP level 4. HP: 23/28 MP: 4/4
  1130 | D:2      | Reached skill level 4 in Maces & Flails
  1148 | D:2      | Found a stormy altar of Qazlal.
  1165 | D:2      | Found a faded altar of an unknown god.
  1205 | D:2      | Reached XP level 5. HP: 21/32 MP: 5/5
  1464 | D:2      | Found a hide-covered altar of Uskayaw.
  2148 | D:3      | Found a shimmering altar of Xom.
  2276 | D:3      | Found a shimmering altar of Xom.
  2276 | D:3      | Found a shimmering altar of Xom.
  2277 | D:3      | Found a shimmering altar of Xom.
  2277 | D:3      | Found a shimmering altar of Xom.
  2300 | D:3      | Found a shimmering altar of Xom.
  2300 | D:3      | Found a shimmering altar of Xom.
  2366 | D:3      | Reached XP level 6. HP: 38/38 MP: 3/6
  2626 | D:3      | Reached skill level 5 in Maces & Flails
  2907 | D:4      | Noticed a slave
  2934 | D:4      | Killed a slave
  2937 | D:4      | Noticed a slave
  2940 | D:4      | Noticed Pikel
  2948 | D:4      | Noticed a slave
  2950 | D:4      | Noticed a slave
  2956 | D:4      | Killed Pikel
  2956 | D:4      | Reached skill level 5 in Fighting
  2956 | D:4      | Reached skill level 6 in Maces & Flails
  2956 | D:4      | Reached XP level 7. HP: 41/44 MP: 7/7
  3127 | D:4      | Reached XP level 8. HP: 46/49 MP: 6/8
  3319 | D:4      | Found a glowing silver altar of Zin.
  3327 | D:4      | Found a glowing golden altar of the Shining One.
  3328 | D:4      | Found an ornate altar of the Wu Jian Council.
  3355 | D:4      | Noticed Robin
  3366 | D:4      | Killed Robin
  3529 | D:4      | Reached skill level 7 in Maces & Flails
  3765 | D:5      | Entered Level 5 of the Dungeon
  3893 | D:5      | Noticed Ijyb
  3916 | D:5      | HP: 2/50 [disintegration (20)]
  3928 | D:5      | Blown up by Ijyb

Levels and vault maps discovered:
D:1:      onia_arrival_zoo_common, layout_basic
D:2:      wad_woods_stonehenge, layout_basic, vehumet_crystals,
          overflow_temple_1_default, first_ration,
          chequers_ecumenical_altar_simple
D:3:      layout_rooms, nicolae_xom_altar_mimics, grunt_ministairs_11,
          nrook_mini_backslash
D:4:      minmay_angry_zag, layout_basic, gammafunk_temple_overflow_forgotten,
          uniq_robin, uniq_pikel
D:5:      layout_basic, minmay_between, uniq_ijyb

Skill      XL: |  1  2  3  4  5  6  7  8 |
---------------+-------------------------+-----
Throwing       | 2 |  2.0
Armour         | 1 2 4 |  4.7
Fighting       | 3 5 |  5.6
Maces & Flails | 4 6 7 |  7.2
Dodging        | |  2.5

Action                   |  1- 3 |  4- 6 |  7- 9 || total
-------------------------+-------+-------+-------++-------
Melee: Flail             |   156 |   341 |   158 ||   655
       Whip              |       |       |     8 ||     8
Throw: Throwing net      |     2 |       |       ||     2
  Use: Scroll            |       |    11 |       ||    11
       Potion            |       |       |     5 ||     5
  Eat: Chunk             |     1 |     3 |     4 ||     8
       Ration            |       |     1 |       ||     1
Armor: Leather armour    |    79 |     1 |       ||    80
       Chain mail        |       |   260 |   112 ||   372
Dodge: Dodged            |   115 |   155 |    54 ||   324
